 Dungeon Crawl Stone Soup version 0.28-a0-1080-g05a166d0ed (webtiles) character file.

Game seed: 13083760749113370027

83173 orbeus the Phalangite (level 15, -7/124 HPs)
             Began as a Merfolk Ice Elementalist on Dec 9, 2021.
             Was an Initiate of Yredelemnul.
             Shot with an arrow by a naga sharpshooter (16 damage)
             ... on level 1 of the Snake Pit.
             The game lasted 01:45:20 (32783 turns).

orbeus the Phalangite (Merfolk Ice Elementalist)   Turns: 32783, Time: 01:45:22

Health: -7/124     AC:  9    Str: 16    XL:     15   Next: 76%
Magic:  20/23      EV: 23    Int: 21    God:    Yredelemnul [......]
Gold:   2135       SH:  0    Dex: 14    Spells: 11/22 levels left

rFire   + . .      SeeInvis .   a - +8 bardiche (venom)
rCold   + . .      Faith    .   (shield currently unavailable)
rNeg    . . .      Spirit   .   Z - +0 ring mail of the Puckish Wumpus {+Blink Str+6}
rPois   +          Reflect  .   O - +0 helmet
rElec   .          Harm     .   q - scarf {rC+ rF+}
rCorr   .          Rampage  .   j - +1 pair of gloves
Will    +....                   L - +0 pair of boots
Stlth   +.........              B - amulet of regeneration
HPRegen 1.10/turn               W - ring of poison resistance
MPRegen 0.18/turn               l - ring of the Hare {EV+8}

@: lethally poisoned (-7 -> -9), about to teleport, freezing walls, slowed,
constricted, very slow
A: (nimble swimmer 2), mertail
a: Renounce Religion, Evoke Blink, Recall Undead Harvest


You were on level 1 of the Snake Pit.
You worshipped Yredelemnul.
Yredelemnul was aware of your devotion.
You visited 5 branches of the dungeon, and saw 24 of its levels.
You also visited: Sewer.

You collected 2135 gold pieces.

Inventory:

Hand Weapons
 a - a +8 bardiche of venom (weapon)
 b - a +0 hunting sling
 w - a +3 dagger
Missiles
 c - 126 poisoned darts
 d - 634 stones
 k - 4 throwing nets
 n - 36 boomerangs (quivered)
 t - 12 curare-tipped darts
 u - 4 javelins
 x - 5 boomerangs of dispersal
Armour
 j - a +1 pair of gloves (worn)
 q - a scarf of resistance (worn)
 E - +0 steam dragon scales
 L - a +0 pair of boots (worn)
 O - a +0 helmet (worn)
 Z - the +0 ring mail of the Puckish Wumpus (worn) {+Blink Str+6}
   (You found it on level 6 of the Lair of Beasts)

   Str:       It affects your strength (+6).
   +Blink:    It lets you blink.
Magical Staves
 F - a staff of cold
Jewellery
 l - the ring of the Hare (right hand) {EV+8}
   (You found it on level 8 of the Dungeon)

   [ring of evasion]

   EV:        It affects your evasion (+8).
 B - an amulet of regeneration (around neck)
 K - a ring of positive energy
 W - a ring of poison resistance (left hand)
Wands
 r - a wand of iceblast (11)
 s - a wand of mindburst (21)
 z - a wand of paralysis (11)
 A - a wand of polymorph (14)
 Q - a wand of acid (11)
 R - a wand of flame (7)
 T - a wand of charming (4)
Scrolls
 e - 5 scrolls of immolation
 h - 3 scrolls of fog
 v - 11 scrolls of identify
 C - a scroll of vulnerability {unknown}
 G - a scroll of fear
 J - a scroll of acquirement
 N - 2 scrolls of teleportation
 U - 4 scrolls of enchant armour
 V - 2 scrolls of blinking
 Y - a scroll of silence
Potions
 f - 11 potions of curing
 g - 5 potions of lignification
 i - 5 potions of might
 o - 4 potions of magic
 p - 2 potions of haste
 y - 3 potions of invisibility
 D - 2 potions of ambrosia
 H - 4 potions of mutation
 I - 2 potions of degeneration {unknown}
 M - 2 potions of cancellation {unknown}
 P - a potion of brilliance {unknown}
 S - 3 potions of flight {unknown}


   Skills:
 + Level 13.5 Fighting
 * Level 22.4 Polearms
 + Level 16.0 Dodging
 - Level 2.1 Stealth
 - Level 4.0 Shields
 - Level 4.0 Spellcasting
 - Level 4.0 Translocations
 - Level 8.0 Ice Magic
 + Level 11.6 Invocations


You had 11 spell levels left.
You knew the following spells:

 Your Spells              Type           Power      Damage    Failure   Level
a - Freeze                Ice            100%       1d11      1%          1
b - Blink                 Tloc           42%        N/A       7%          2
c - Ozocubu's Armour      Ice            37%        N/A       2%          3
e - Ensorcelled Hibernat  Hex/Ice        42%        N/A       7%          2
r - Frozen Ramparts       Ice            74%        1d9       2%          3

Your spell library contained the following spells:

 Spells                   Type           Power      Damage    Failure   Level
 Lesser Beckoning         Tloc           21%        N/A       13%         3
 Beastly Appendage        Tmut           8%         N/A       22%         1
 Foxfire                  Conj/Fire      16%        2x1d4     22%         1
 Magic Dart               Conj           16%        1d3       22%         1
 Summon Small Mammal      Summ           16%        N/A       22%         1
 Portal Projectile        Hex/Tloc       24%        N/A       30%         3
 Call Imp                 Summ           4%         N/A       34%         2
 Passwall                 Tmut/Erth      3%         N/A       34%         2
 Scorch                   Fire           8%         2d5       34%         2
 Wereblood                Tmut           4%         N/A       34%         2
 Hailstorm                Conj/Ice       21%        3d6       41%         4
 Ice Form                 Ice/Tmut       21%        N/A       41%         4
 Call Canine Familiar     Summ           4%         N/A       56%         3
 Conjure Flame            Conj/Fire      4%         6-21      56%         3
 Inner Flame              Hex/Fire       4%         N/A       56%         3
 Mephitic Cloud           Conj/Pois/Air  4%         N/A       56%         3
 Spider Form              Tmut/Pois      4%         N/A       56%         3
 Stone Arrow              Conj/Erth      8%         3d7       56%         3
 Swiftness                Air            4%         N/A       56%         3
 Manifold Assault         Tloc           21%        N/A       77%         5
 Metabolic Englaciation   Hex/Ice        10%        N/A       77%         5
 Animate Armour           Summ/Erth      8%         N/A       92%         4
 Flame Wave               Conj/Fire      4%         2d4       92%         4
 Leda's Liquefaction      Hex/Erth       2%         N/A       92%         4
 Petrify                  Tmut/Erth      4%         N/A       92%         4
 Blade Hands              Tmut           2%         N/A       99%         5
 Excruciating Wounds      Necr           2%         N/A       99%         5
 Lee's Rapid Deconstruct  Erth           2%         3d5*      99%         5
 Statue Form              Tmut/Erth      2%         N/A       100%        6
 Summon Cactus Giant      Summ           2%         N/A       100%        6
 Storm Form               Tmut/Air       2%         N/A       100%        7
 Lehudib's Crystal Spear  Conj/Erth      2%         10d2      100%        8


Dungeon Overview and Level Annotations

Branches:
Dungeon (14/15)            Temple (1/1) D:6            Lair (6/6) D:10
 Shoals (0/4) Lair:3        Snake (1/4) Lair:4        Slime (0/5) Lair:6
    Orc (2/2) D:11            Elf (0/3) Orc:2        Vaults (0/5) D:14
  Sewer (visited)

Altars:
Ashenzari
Cheibriados
Dithmenos
Elyvilon
Fedhas
Gozag
Hepliaklqana
Kikubaaqudgha
Makhleb
Nemelex Xobeh
Okawaru
Qazlal
Ru
Sif Muna
Trog
Uskayaw
Vehumet
Wu Jian
Xom
Yredelemnul
Zin
The Shining One
Beogh
Lugonu

Shops:
D:6 (   D:11 (=   Orc:2 [(([

Portals:
Hell: Lair:6

Annotations:
D:5 2 transporters, exclusion: downstairs, horus123's ghost, novice TrBe
D:8 exclusion: electric eel
D:10 2 transporters, exclusion: hog, ytrimaz's ghost, novice DsFi
D:14 exclusion: obsidian statue
Lair:5 exclusion: oklob plant
Lair:6 exclusions: downstairs and oklob plant
Snake:1 Louise


Innate Abilities, Weirdness & Mutations

((You are quick and stealthy near water. (Stealth+, EV+, Speed+++)))
Your lower body shifts to a powerful aquatic tail in water.


Message History

The guardian serpent completely misses you.
Louise barely misses you. The guardian serpent hits you!!
The naga warrior roars a battlecry!
The nagas go into a battle-frenzy!
The guardian serpent casts a spell at you.
The bolt of poison misses you.
The guardian serpent closely misses you.
The guardian serpent coils itself and waves its upper body at you.
The bolt of poison hits you!
You are poisoned.
You resist.
The naga sharpshooter gestures wildly while chanting.
The naga sharpshooter magically shoots an arrow.
The arrow hits you!
Casting: Ozocubu's Armour (mildly dangerous; 2% risk of failure)
Confirm with . or Enter, or press ? or * to list all spells.
Casting: Frozen Ramparts (mildly dangerous; 2% risk of failure)
Press: ? - help, Dir - look around, f - activate The walls around you are covered in ice.
You feel very sick.
The guardian serpent coils itself and waves its upper body at you.
The naga blinks into view!
The naga warrior blinks!
The naga blinks!
The naga sharpshooter blinks!
The wall freezes Louise.
Louise hits you with a +1 vorpal morningstar.
The wall freezes Louise!
Louise hits you with a +1 vorpal morningstar.
As you read the scroll of teleportation, it crumbles to dust.
You feel strangely unstable.
You feel very sick. The naga completely misses you.
The naga closely misses you.
The wall freezes the naga warrior.
The naga warrior hits you with a +0 scimitar!!
* * * LOW HITPOINT WARNING * * *
The naga warrior grabs you. The naga warrior constricts you.
* * * LOW HITPOINT WARNING * * *
The wall freezes Louise.
Louise misses you.
The naga sharpshooter shoots an arrow.
The arrow hits you!
You die...
Your body rises from the dead as a mindless zombie.

#....## ##............# ...
#.....####......###....######§..
##..............# #....##..#..#
##.............# #...........#
#.............# #..........#.#
#####....#....# #..........###
##........# #........###
##.......NN# #N.....###
###....#...N@###......###
###......#....S@§.§§......#
#.............N............#
#..........................#
#...........#........####....
#...........##......### ....
#...........###....## ..#
#....#.......##...##
##....#.....####...


You could see Louise, a naga warrior, a naga sharpshooter (strong), a guardian
serpent and 2 nagas.

Vanquished Creatures
  Jorgrun (D:13)
  Mlioglotl (Snake:1)
  An orc warlord (Orc:2)
  Nessos (D:13)
  A dire elephant (Lair:6)
  Josephine (D:14)
  Harold (D:11)
  A boulder beetle (Lair:6)
  3 vault guards (D:14)
  3 centaur warriors
  8 hydras
  A tengu warrior (D:14)
  7 death yaks
  4 two-headed ogres
  2 orc high priests (Orc:2)
  Sonja (D:10)
  A deep elf knight (D:14)
  A deep elf archer (D:14)
  Pikel (D:9)
  A deep elf pyromancer (D:12)
  An oklob plant (Lair:3)
  5 orc knights
  A harpy (D:14)
  2 orc sorcerers (Orc:2)
  4 cyclopes
  6 black mambas
  A merfolk siren (Lair:3)
  7 cane toads
  An unseen horror (D:12)
  2 kobold demonologists (D:11)
  2 torpor snails (Lair:6)
  2 orange demons (Lair:6)
  A yaktaur (D:14)
  An ice devil (Lair:6)
  Psyche (D:10)
  4 rime drakes
  3 tengu conjurers (D:14)
  4 komodo dragons
  2 trolls
  2 polar bears
  Prince Ribbit (D:5)
  9 slime creatures
  A blink frog (Lair:1)
  2 dream sheep (Lair:4)
  A shapeshifter (D:14)
  A tarantella (shapeshifter) (D:13)
  4 wraiths
  A shadow (D:12)
  50 yaks
  A steam dragon (D:8)
  3 basilisks
  2 vampire mosquitoes (D:12)
  A warg (Orc:2)
  4 nagas (Lair:4)
  3 acid dragons
  15 water moccasins
  Duvessa (D:4)
  Pargi (Sewer)
  3 sky beasts
  30 orc warriors
  A black bear (Lair:1)
  2 necrophages (D:5)
  2 ogres
  8 wolves
  7 centaurs
  A lemure (D:8)
  2 kobold brigands
  7 bullfrogs
  A wyvern zombie (D:7)
  2 gnoll sergeants
  A scorpion (D:6)
  A water moccasin skeleton (D:4)
  Dowan (D:4)
  A killer bee (D:4)
  4 howler monkeys
  9 wights
  An electric eel (Lair:1)
  4 centaur zombies
  A bullfrog zombie (D:4)
  A bullfrog skeleton (D:6)
  A gnoll shaman (D:7)
  14 orc priests
  A hound (D:6)
  2 jellies (Lair:6)
  A centaur skeleton (D:4)
  An iguana (D:3)
  12 orc wizards
  3 hell rats (Lair:6)
  2 wolf simulacra (Lair:1)
  A hound skeleton (D:4)
  A howler monkey zombie (D:9)
  16 gnolls
  9 adders
  A howler monkey skeleton (D:5)
  2 shadow imps (D:6)
  A white imp (D:6)
  An ufetubus (D:7)
  A worm (D:2)
  4 dart slugs
  70 orcs
  7 endoplasms
  4 giant cockroaches
  4 goblins
  3 hobgoblins
  7 jackals
  27 kobolds
  5 ball pythons
  7 bats
  3 frilled lizards
  2 rats
497 creatures vanquished.

Vanquished Creatures (collateral kills)
  A vault guard (D:14)
  4 hydras
  3 death yaks
  A sixfirhy (Lair:6)
  2 wizards
  A lindwurm (Lair:6)
  A cyclops (D:12)
  3 elephants (Lair:6)
  4 cane toads
  2 orange demons (Lair:6)
  3 rime drakes
  Maggie (D:9)
  An ice devil (Lair:6)
  6 komodo dragons
  A hellwing (Lair:6)
  3 polar bears
  A troll (Orc:2)
  A hornet (Lair:4)
  7 blink frogs
  3 dream sheep (Lair:4)
  2 wraiths (D:14)
  A basilisk (Lair:4)
  14 yaks
  3 hell hounds (Lair:6)
  4 water moccasins
  An orc warrior (Orc:2)
  2 ogres (Orc:2)
  A wolf (Lair:4)
  2 bullfrogs
  A centaur zombie (D:9)
  An orc priest (Orc:2)
  A hell rat (Lair:6)
  4 orcs
  2 endoplasms (Lair:6)
  A plant (Lair:5)
89 creatures vanquished.

Vanquished Creatures (others)
  A spectral sixfirhy (Lair:6)
  A dwarf zombie (D:13)
  2 death yak zombies (Lair:6)
  2 hydra zombies
  A harpy zombie (D:14)
  A blink frog (Lair:6)
  3 black mamba zombies
  A spectral orange demon (Lair:6)
  A spectral ice devil (Lair:6)
  A two-headed ogre zombie (Orc:2)
  2 cane toad zombies (Lair:6)
  A cyclops zombie (D:12)
  5 water moccasin zombies
  2 polar bear zombies
  10 yak zombies
  2 troll zombies
  2 tengu zombies (D:14)
  4 centaur zombies
  2 wolf zombies
  2 bullfrog zombies
  A black bear zombie (Lair:1)
  3 hell rat zombies (Lair:6)
  2 howler monkey zombies (D:12)
  A spectral jelly (Lair:6)
  A steam dragon zombie (D:8)
  5 gnoll zombies
  A kobold zombie (D:11)
  44 orc zombies
  2 spectral endoplasms (Lair:6)
  37 fungi
  78 plants
221 creatures vanquished.

Grand Total: 807 creatures vanquished

Notes
Turn   | Place    | Note
-------+----------+-------------------------------------------
     0 | D:1      | orbeus the Merfolk Ice Elementalist began the quest for the
                  | Orb.
     0 | D:1      | Reached XP level 1. HP: 13/13 MP: 3/3
   352 | D:1      | Reached XP level 2. HP: 15/20 MP: 0/5
  1207 | D:2      | Reached skill level 1 in Fighting
  1251 | D:2      | Reached XP level 3. HP: 26/26 MP: 3/6
  1284 | D:2      | Learned a level 3 spell: Frozen Ramparts
  1533 | D:2      | Reached skill level 5 in Ice Magic
  1651 | D:2      | Found a faded altar of an unknown god.
  1818 | D:2      | Reached XP level 4. HP: 31/32 MP: 4/7
  2116 | D:2      | Learned a level 3 spell: Ozocubu's Armour
  2717 | D:3      | You fall into a shaft and drop 1 floor!
  2764 | D:4      | Noticed an ogre
  2855 | D:4      | Found a glowing drain.
  2859 | D:4      | Reached XP level 5. HP: 37/38 MP: 4/9
  2867 | Sewer    | Entered a sewer
  3030 | Sewer    | Noticed Pargi
  3053 | Sewer    | Killed Pargi
  3054 | Sewer    | Reached skill level 1 in Shields
  3197 | D:4      | Killed an ogre
  3198 | D:4      | Reached XP level 6. HP: 8/46 MP: 4/10
  3572 | D:4      | Learned a level 2 spell: Blink
  5051 | D:4      | Noticed a water moccasin
  5161 | D:4      | Noticed Dowan
  5199 | D:4      | Noticed Duvessa
  5206 | D:4      | Killed Dowan
  5207 | D:4      | Reached XP level 7. HP: 51/51 MP: 2/11
  5542 | D:4      | Killed Duvessa
  6361 | D:4      | Reached skill level 5 in Dodging
  6501 | D:4      | Reached XP level 8. HP: 52/58 MP: 3/13
  7317 | D:5      | Entered Level 5 of the Dungeon
  7438 | D:5      | Noticed Prince Ribbit
  7444 | D:5      | Killed Prince Ribbit
  7965 | D:5      | Noticed horus123's ghost (novice TrBe)
  7966 | D:5      | Found a transporter.
  7967 | D:5      | Identified the +6 dire flail of World Downfall {vorpal,
                  | Str+4}
  7985 | D:5      | Reached skill level 1 in Polearms
  8329 | D:5      | Found a transporter.
  8437 | D:5      | Reached skill level 2 in Polearms
  9005 | D:6      | Found Gishaven's Weapon Emporium.
  9017 | D:7      | Reached skill level 3 in Polearms
  9145 | D:6      | Reached skill level 1 in Translocations
  9545 | D:5      | Reached XP level 9. HP: 54/61 MP: 15/15
  9601 | D:6      | Reached skill level 4 in Polearms
 10066 | D:6      | Found a staircase to the Ecumenical Temple.
 10074 | Temple   | Entered the Ecumenical Temple
 10379 | Temple   | Became a worshipper of Yredelemnul the Dark
 10845 | D:7      | Reached skill level 5 in Fighting
 10896 | D:7      | Reached skill level 5 in Polearms
 11479 | D:6      | Reached skill level 6 in Polearms
 12805 | D:7      | Reached skill level 7 in Polearms
 13488 | D:8      | Found a glowing golden altar of the Shining One.
 14847 | D:8      | Found the ring of the Hare {EV+8}
 14872 | D:8      | Reached skill level 8 in Polearms
 15024 | D:8      | Reached XP level 10. HP: 67/69 MP: 16/16
 15787 | D:9      | Noticed Maggie
 15798 | D:9      | Noticed Pikel
 16126 | D:9      | Killed Pikel
 16127 | D:9      | Reached skill level 9 in Polearms
 16238 | D:9      | Killed Maggie
 16239 | D:9      | Reached * piety under Yredelemnul
 17133 | D:10     | Entered Level 10 of the Dungeon
 17234 | D:10     | Reached skill level 10 in Polearms
 17270 | D:10     | Noticed Sonja
 17279 | D:10     | Killed Sonja
 17331 | D:10     | Reached skill level 1 in Invocations
 17336 | D:10     | Reached skill level 11 in Polearms
 17454 | D:10     | Noticed a two-headed ogre
 17467 | D:10     | Killed a two-headed ogre
 17468 | D:10     | Reached XP level 11. HP: 86/86 MP: 17/17
 17636 | D:10     | Found a staircase to the Lair.
 17785 | D:10     | Noticed Psyche
 17796 | D:10     | Killed Psyche
 17849 | D:10     | Found a transporter.
 17850 | D:10     | Noticed ytrimaz's ghost (novice DsFi)
 17851 | D:10     | Found a transporter.
 18319 | Lair:1   | Entered Level 1 of the Lair of Beasts
 18320 | Lair:1   | Identified 2 scrolls of acquirement
 18320 | Lair:1   | Acquired a +4 bardiche of freezing
 18426 | Lair:1   | Reached skill level 12 in Polearms
 18429 | Lair:1   | Reached ** piety under Yredelemnul
 18496 | Lair:1   | Reached skill level 10 in Dodging
 18571 | Lair:1   | Reached *** piety under Yredelemnul
 18571 | Lair:1   | Reached skill level 13 in Polearms
 18701 | Lair:1   | Reached skill level 14 in Polearms
 18701 | Lair:1   | Reached skill level 5 in Invocations
 18705 | Lair:1   | Reached **** piety under Yredelemnul
 18743 | Lair:1   | Reached ***** piety under Yredelemnul
 19056 | Lair:1   | Found a frozen archway.
 19061 | Lair:1   | Reached XP level 12. HP: 79/95 MP: 18/18
 19400 | Lair:2   | Noticed a seven-headed hydra
 19840 | Lair:2   | Noticed an eight-headed hydra
 19848 | Lair:2   | Killed an eight-headed hydra
 19849 | Lair:2   | Reached skill level 15 in Polearms
 20009 | Lair:2   | Killed an eight-headed hydra
 20403 | Lair:3   | Noticed a five-headed hydra
 20412 | Lair:3   | Killed a five-headed hydra
 20718 | Lair:3   | Found a blossoming altar of Fedhas.
 20727 | Lair:3   | Reached skill level 10 in Fighting
 20740 | Lair:3   | Reached skill level 16 in Polearms
 20886 | Lair:3   | Noticed a six-headed hydra
 20897 | Lair:3   | Killed a six-headed hydra
 21038 | Lair:3   | Found a staircase to the Shoals.
 21466 | Lair:4   | Reached XP level 13. HP: 89/104 MP: 19/19
 21722 | Lair:4   | Found a staircase to the Snake Pit.
 21734 | Lair:4   | Reached skill level 17 in Polearms
 21833 | Lair:4   | Reached ****** piety under Yredelemnul
 21968 | Lair:4   | Found a broken altar of Ashenzari.
 23517 | Lair:6   | Entered Level 6 of the Lair of Beasts
 23576 | Lair:5   | Reached skill level 18 in Polearms
 23975 | Lair:6   | Identified the +0 ring mail of the Puckish Wumpus {+Blink
                  | Str+6}
 23978 | Lair:6   | Found a staircase to the Slime Pits.
 24042 | Lair:6   | Learned a level 2 spell: Ensorcelled Hibernation
 24249 | Lair:6   | Reached skill level 19 in Polearms
 24249 | Lair:6   | Reached XP level 14. HP: 49/114 MP: 15/20
 24470 | Lair:6   | Identified the +2 pair of gloves of Follow the Leader
                  | {-Tele rElec Int+3 Dex+2}
 24679 | Lair:6   | Noticed a dire elephant
 24685 | Lair:6   | Killed a dire elephant
 25102 | Lair:6   | Found a burning altar of Makhleb.
 25121 | Lair:6   | Reached skill level 20 in Polearms
 25145 | Lair:6   | Found a gateway to Hell.
 25626 | D:10     | Reached skill level 10 in Invocations
 25761 | D:11     | Found a staircase to the Orcish Mines.
 26190 | D:11     | Got the Guide on Moulding and the Escort
 26214 | D:11     | Noticed Harold
 26227 | D:11     | Killed Harold
 26333 | D:11     | Found Oforch's Firing Range.
 26369 | D:11     | Found Bucujung's Jewellery Emporium.
 27686 | D:12     | Reached skill level 15 in Dodging
 27931 | D:13     | Noticed Jorgrun
 28093 | D:13     | Killed Jorgrun
 28094 | D:13     | Reached skill level 21 in Polearms
 28094 | D:13     | Reached XP level 15. HP: 70/122 MP: 16/22
 28356 | D:13     | Noticed Nessos
 28368 | D:13     | Your ally Jorgrun died
 28371 | D:13     | Killed Nessos
 28699 | Orc:1    | Entered Level 1 of the Orcish Mines
 28805 | Orc:2    | Entered Level 2 of the Orcish Mines
 29125 | Orc:2    | Found Nakli's Weapon Shop.
 29240 | Orc:2    | Found Xitwoetu's Antique Armour Shoppe.
 29781 | Orc:2    | Found a staircase to the Elven Halls.
 29841 | Orc:2    | Noticed an orc warlord
 29925 | Orc:2    | Killed an orc warlord
 30356 | Orc:2    | Found Byonas's Antique Weapon Emporium.
 30380 | Orc:2    | Found Rifiovet's Antique Armour Shoppe.
 30856 | D:14     | Found a corrupted altar of Lugonu.
 31164 | D:14     | Noticed Josephine
 31176 | D:14     | Killed Josephine
 31231 | D:14     | Reached skill level 22 in Polearms
 31584 | D:14     | Found a gate to the Vaults.
 32377 | Snake:1  | Entered Level 1 of the Snake Pit
 32541 | Snake:1  | Noticed Mlioglotl
 32676 | Snake:1  | Noticed Louise
 32683 | Snake:1  | Killed Mlioglotl
 32783 | Snake:1  | Shot with an arrow by a naga sharpshooter

Illustrated notes

Levels and vault maps discovered:
D:1:      dpeg_arrival_line_fractal, layout_rooms, minivault_24,
          serial_bayou_lake_a
D:2:      layout_basic, hellmonk_ecumenical_altar_lost_god, serial_bayou_pond_e
D:3:      layout_basic
D:4:      cheibrodos_thug_alley, layout_basic, portal_sewer_entry_d,
          minmay_pentangle, uniq_duvessa
D:5:      layout_loops_ring, gammafunk_ghost_smash, uniq_prince_ribbit1
D:6:      layout_basic, minmay_temple_entry_crystal_x, serial_shops,
          nicolae_shop_behind_doors, chequers_serial_rivers_marsh,
          hangedman_abyss_or_decor_stabs
D:7:      layout_gridville
D:8:      layout_basic, tso_altar, serial_glass, glass_columns_a,
          glass_columns_c
D:9:      layout_basic, uniq_maggie, uniq_pikel
D:10:     layout_gridville, lair_entry_dummy, gammafunk_ghost_arena,
          serial_bayou_pond_c, uniq_sonja, uniq_psyche
D:11:     layout_long_grid, david_orc_5, serial_shops, shop,
          nicolae_shop_firing_range, uniq_harold
D:12:     layout_loops_ring
D:13:     layout_rooms, serial_glass, glass_columns_b, glass_columns_a,
          glass_columns_b, glass_columns_a, glass_columns_a, glass_columns_a,
          glass_columns_a, glass_columns_b, uniq_jorgrun, uniq_nessos
D:14:     minmay_statue_hallways, layout_stronghold,
          grunt_vaults_entry_fortified, serial_column_ruins, column_ruins_hut,
          column_ruins_hut, column_ruins_corridor_corner,
          column_ruins_open_small_water, column_ruins_grid_1, tgw_lugonu_bribe,
          uniq_josephine
Temple:   roderic_octagonal_lattice_temple
Lair:1:   layout_misc_corridors, portal_ice_cave_entry_ice_simulacra,
          chequers_serial_rivers_small_b, minmay_holes,
          chequers_serial_rivers_small_b, serial_bayou_shore_a,
          serial_bayou_shore_b
Lair:2:   layout_chaotic_city, grunt_megastairs_5
Lair:3:   layout_concentric_octagons, minmay_shoals_entry_lonely_mermaid,
          lemuel_oklob_altar
Lair:4:   layout_regular_city, guppyfry_snake_entry_garden, basic_altar,
          nicolae_quartered_pool_impasse
Lair:5:   layout_regular_city, infiniplex_staircase_pool_2
Lair:6:   evil_forest, layout_hall_layers, nicolae_slime_entry_slimehenge,
          grunt_megastairs_4
Snake:1:  layout_grid_shapes, st_stairs_7, uniq_mlioglotl, uniq_asterion,
          uniq_louise
Orc:1:    layout_caves
Orc:2:    grunt_orc_community_town_hall, layout_caves,
          grunt_orc_community_big_house_1, grunt_orc_community_big_house_1,
          grunt_orc_community_house_3, grunt_orc_community_house_3,
          grunt_orc_community_house_3, grunt_orc_community_house_2,
          grunt_orc_community_house_2, basic_altar

Skill      XL: |  1  2  3  4  5  6  7  8  9 10 11 12 13 14 15 |
---------------+----------------------------------------------+-----
Dodging        | 3 4 5 6 7 9 11 12 13 15 16 | 16.0
Fighting       | 1 2 3 4 6 7 9 10 11 12 13 | 13.5
Ice Magic      | 5 6 8 |  8.0
Shields        | 1 2 3 4 |  4.0
Spellcasting   | 3 4 |  4.0
Polearms       | 3 8 11 14 16 19 21 22 | 22.4
Translocations | 1 3 4 |  4.0
Invocations    | 2 5 7 9 10 11 | 11.6
Stealth        | |  2.1

Action                   |  1- 3 |  4- 6 |  7- 9 | 10-12 | 13-15 || total
-------------------------+-------+-------+-------+-------+-------++-------
Melee: Unarmed           |     1 |       |       |       |       ||     1
       Dagger            |     6 |    99 |       |       |       ||   105
       Tailslap          |       |     7 |       |       |     2 ||     9
       Spear             |       |       |   136 |       |       ||   136
       Trident           |       |       |   212 |    55 |       ||   267
       Bardiche          |       |       |       |   166 |   728 ||   894
Throw: Stone             |     3 |     8 |       |       |       ||    11
       Dart              |       |       |     5 |     1 |       ||     6
       Boomerang         |       |       |       |     3 |     1 ||     4
 Cast: Freeze            |    50 |    71 |    68 |    68 |    51 ||   308
       Frozen Ramparts   |       |     1 |    34 |    32 |    53 ||   120
       Ozocubu's Armour  |       |       |    32 |    16 |    37 ||    85
       Blink             |       |       |     5 |       |     3 ||     8
       Ensorcelled Hiber |       |       |       |       |     1 ||     1
Invok: Dark Bargain      |       |       |       |     6 |     3 ||     9
       Recall Undead Har |       |       |       |     1 |       ||     1
Evoke: Wand              |       |       |       |     5 |     1 ||     6
  Use: Scroll            |       |     6 |    12 |     4 |     9 ||    31
       Potion            |       |     2 |     3 |       |       ||     5
 Stab: Sleeping          |     3 |     1 |     4 |     3 |     1 ||    12
       Distracted        |       |       |     1 |     3 |     6 ||    10
Armor: Robe              |     3 |       |       |       |       ||     3
       Ring mail         |     2 |    62 |    98 |     2 |    94 ||   258
       Steam dragon scal |       |       |       |    31 |    18 ||    49
Dodge: Dodged            |    18 |   102 |   188 |   289 |   727 ||  1324
Block: Buckler           |       |    27 |    90 |    11 |       ||   128

Table legend: (Time is in decaauts)
 A = Elapsed time spent in this place.
 B = Non-inter-level travel time spent in this place.
 C = Inter-level travel time spent in this place.
 D = Time resting spent in this place.
 E = Time spent auto-exploring this place.
 F = Levels seen in this place.
 G = Mean time per level.
                   A        B        C        D        E       F      G
               +--------+--------+--------+--------+--------+-----+--------+
         Total |  32595 |  30980 |   1615 |  10657 |  14075 |  25 | 1303.8 |
       Dungeon |  22242 |  21153 |   1089 |   7841 |   9243 |  14 | 1588.7 |
        Temple |    323 |    269 |     54 |      0 |    246 |   1 |  323.0 |
          Lair |   7508 |   7093 |    415 |   2094 |   3540 |   6 | 1251.3 |
     Snake Pit |    277 |    277 |      0 |    118 |     72 |   1 |  277.0 |
  Orcish Mines |   1944 |   1888 |     56 |    474 |    974 |   2 |  972.0 |
         Sewer |    299 |    299 |      0 |    130 |      0 |   1 |  299.0 |
               +--------+--------+--------+--------+--------+-----+--------+

Top non-repeatable levels by time:
     D:4: 3491 daAuts
     D:8: 2491 daAuts
     D:7: 2251 daAuts
     D:6: 1764 daAuts
  Lair:5: 1763 daAuts
     D:5: 1647 daAuts
  Lair:6: 1597 daAuts
    D:14: 1556 daAuts
   Orc:2: 1510 daAuts
     D:3: 1456 daAuts
    D:10: 1447 daAuts
     D:1: 1223 daAuts
  Lair:1: 1196 daAuts
     D:9: 1150 daAuts
    D:11: 1137 daAuts
